 Dungeon Crawl Stone Soup version 0.17.0-27-g4a3f43e (webtiles) character file.

35 Ace the Conjurer (level 3, 26/26 HPs)
             Began as a Draconian Conjurer on Nov 21, 2015.
             Quit the game on level 1 of the Dungeon.
             The game lasted 00:03:45 (1510 turns).

Ace the Conjurer (Draconian Conjurer)               Turns: 1510, Time: 00:03:45

Health: 26/26      AC:  5    Str: 10    XL:     3   Next: 17%
Magic:  7/7        EV: 17    Int: 16    God:
Gold:   42         SH:  0    Dex: 11    Spells: 2 memorised, 4 levels left

rFire  . . .     SeeInvis .     h - +1 whip (flame)
rCold  . . .     Clarity  .     (armour unavailable)
rNeg   . . .     SustAt   .     (no shield)
rPois  .         Gourm    .     (helmet restricted)
rElec  .         Spirit   .     (no cloak)
rCorr  .         Warding  .     (no gloves)
rMut   .         Stasis   +     (no boots)
MR     .....                    j - amulet of stasis
Stlth  +.........               k - ring of loudness (curse)
                                d - +5 ring of evasion

@: not resistant to hostile enchantments, very unstealthy
A: unfitting armour, horns 1, talons 1, deterioration 1, cold-blooded, AC +5
a: no special abilities


You were on level 1 of the Dungeon.
You were hungry.

You visited 1 branch of the dungeon, and saw 1 of its levels.

You collected 42 gold pieces.

Inventory:

Hand Weapons
 h - a +1 whip of flaming (weapon)
Jewellery
 d - a +5 ring of evasion (left hand)
 j - an amulet of stasis (around neck)
 k - a cursed ring of loudness (right hand)
Scrolls
 c - 2 scrolls of enchant armour
 f - a scroll of identify
Potions
 l - a potion of haste
Books
 a - a book of Conjurations

   Spells                             Type                      Level
   a - Magic Dart                     Conjuration                  1
   b - Searing Ray                    Conjuration                  2
   c - Dazzling Spray                 Conjuration/Hexes            3
   d - Fulminant Prism                Conjuration/Hexes            4
   e - Iskenderun's Mystic Blast      Conjuration                  4
   f - Iskenderun's Battlesphere      Conjuration/Charms           5
Comestibles
 b - a bread ration


   Skills:
 - Level 1.7 Dodging
 - Level 1.7 Stealth
 + Level 2.9 Spellcasting
 + Level 4.4 Conjurations


You had 4 spell levels left.
You knew the following spells:

 Your Spells              Type           Power        Failure   Level  Hunger
a - Magic Dart            Conj           ###.         3%          1    #......
b - Searing Ray           Conj           ###...       6%          2    ##.....


Dungeon Overview and Level Annotations

Branches:
Dungeon (1/15)

Altars:


Innate Abilities, Weirdness & Mutations

Your plain brown scales are hard (AC +5).
Your body does not fit into most forms of armour.
You are cold-blooded and may be slowed by cold attacks.
You have a pair of small horns on your head.
You have sharp toenails.
Your body sometimes deteriorates upon taking damage.


Message History

The bat is moderately wounded.
The bat hits you but does no damage.
Casting: Magic Dart
Confirm with . or Enter, or press ? or * to list all spells.
Aiming: Magic Dart
Press: ? - help, Shift-Dir - straight line, f/p - bat
Aim: a bat (moderately wounded)
The magic dart hits the bat.
The bat is heavily wounded.
The bat hits you but does no damage.
Casting: Magic Dart
Confirm with . or Enter, or press ? or * to list all spells.
Aiming: Searing Ray
Press: ? - help, Shift-Dir - straight line, f/p - bat
Aim: a bat (heavily wounded)
The searing ray hits the bat.
You kill the bat!
You start resting.
You are feeling hungry.
Are you sure you want to abandon this character and quit the game? (Confirm with "yes".)

###.#....>........
#...#..##.#######........
###.#.....# #..........#.#
###.#.##..##..#........#..
#............#.........##.####
#.#.#####.#.##..#......+ ... .
#.#.# #.#.# ..#......# #.# #
#.#.# #.#.##..# #....###.###
#.#.# #....@(.# #....).....
#.#.# ###.##..# ##.####.###
#.#.# #.# ..# ###.# #..##
#.#.# #.. .+.# (.#.####.## #.#
### ##..##.#.......# #.#
#.#.#...##..# #.# #..#....#..#
#.# ### .##. #.#.####... #.#
#.. ....####...####..


There were no monsters in sight!

Vanquished Creatures
  A gnoll (D:1)
  2 giant cockroaches (D:1)
  4 goblins (D:1)
  3 hobgoblins (D:1)
  2 jackals (D:1)
  5 bats (D:1)
  A giant gecko (D:1)
  2 giant newts (D:1)
  3 kobolds (D:1)
  2 rats (D:1)
25 creatures vanquished.

Notes
Turn   | Place    | Note
--------------------------------------------------------------
     0 | D:1      | Ace the Draconian Conjurer began the quest for the Orb.
     0 | D:1      | Reached XP level 1. HP: 14/14 MP: 3/3
   362 | D:1      | Reached XP level 2. HP: 20/20 MP: 3/5
   650 | D:1      | Learned a level 2 spell: Searing Ray
  1209 | D:1      | Reached XP level 3. HP: 26/26 MP: 2/7
  1458 | D:1      | Gained mutation: You have sharp toenails. [potion of mutation]
  1458 | D:1      | Gained mutation: Your body sometimes deteriorates upon taking damage. [potion of mutation]
  1458 | D:1      | Gained mutation: You have a pair of small horns on your head. [potion of mutation]
  1510 | D:1      | Quit the game

Action                   || total
-------------------------++-------
Melee: Whip              ||    24
 Cast: Magic Dart        ||    48
       Searing Ray       ||     3
  Use: Scroll            ||     5
       Potion            ||     1
  Eat: Chunk             ||     2
